 Dungeon Crawl Stone Soup version 0.29-a0-380-gf50f0a9fbc (webtiles) character file.

Game seed: 2801943555186911730

107 sammy202020 the Skirmisher (level 4, -4/41 HPs)
             Began as a Minotaur Fighter on May 6, 2022.
             Killed from afar by Ijyb (16 damage)
             ... with a bolt of acid
             ... on level 3 of the Dungeon.
             The game lasted 00:03:09 (1507 turns).

sammy202020 the Skirmisher (Minotaur Fighter)       Turns: 1507, Time: 00:03:10

Health: -4/41      AC:  6    Str: 21    XL:     4   Next: 56%
Magic:  3/3        EV:  7    Int:  7    God:
Gold:   105        SH:  4    Dex:  9    Spells: 3/3 levels left

rFire   . . .      SeeInvis .   j - +0 hand axe (venom)
rCold   . . .      Faith    .   c - +0 buckler
rNeg    . . .      Spirit   .   h - +0 chain mail
rPois   .          Reflect  .   (helmet restricted)
rElec   .          Harm     .   (no cloak)
rCorr   .          Rampage  .   m - +0 pair of gloves
Will    .....                   (no boots)
Stlth   ..........              (no amulet)
HPRegen 0.13/turn               (no ring)
MPRegen 0.08/turn               (no ring)

@: corroded
A: horns 2, retaliatory headbutt
a: no special abilities


You were on level 3 of the Dungeon.
You visited 1 branch of the dungeon, and saw 3 of its levels.

You collected 105 gold pieces.

Inventory:

Hand Weapons
 a - a +0 war axe
 j - a +0 hand axe of venom (weapon)
Armour
 c - a +0 buckler (worn)
 h - a +0 chain mail (worn)
 m - a +0 pair of gloves (worn)
Scrolls
 d - 2 scrolls of identify
 o - a scroll of teleportation {unknown}
Potions
 b - a potion of might
 e - 2 potions of curing {unknown}
 f - 2 potions of magic
 g - a potion of heal wounds {unknown}
 i - a potion of invisibility {unknown}
 k - a potion of resistance {unknown}
 l - a potion of brilliance {unknown}
 n - a potion of mutation {unknown}


   Skills:
 * Level 4.6 Fighting
 * Level 3.6 Axes
 + Level 4.1 Armour
 + Level 1.6 Dodging
 + Level 4.1 Shields


You had 3 spell levels left.
You didn't know any spells.
Your spell library contained the following spells:

 Spells                   Type           Power      Damage    Failure   Level
 Ensorcelled Hibernation  Hex/Ice        0%         N/A       100%        2
 Passwall                 Tmut/Erth      0%         N/A       100%        2
 Dazzling Flash           Conj/Hex       0%         N/A       100%        3
 Swiftness                Air            0%         N/A       100%        3
 Iskenderun's Mystic Bla  Conj/Tloc      0%         2d3       100%        4
 Starburst                Conj/Fire      0%         6d3       100%        6


Dungeon Overview and Level Annotations

Branches:
Dungeon (3/15)

Altars:

Annotations:
D:3 Ijyb


Innate Abilities, Weirdness & Mutations

You have a pair of horns on your head.
You reflexively headbutt those who attack you in melee.


Message History

You block Ijyb's attack.
You hit Ijyb but do no damage.
Ijyb is poisoned.
Ijyb hits you but does no damage.
You hit Ijyb but do no damage.
Ijyb looks even sicker.
Ijyb is lightly wounded.
Ijyb completely misses you.
You closely miss Ijyb. Your headbutt misses Ijyb.
Ijyb is lightly wounded.
Ijyb zaps a wand.
The bolt of acid hits you!!
Ouch! That really hurt!
* * * LOW HITPOINT WARNING * * *
The acid corrodes you!
You are too injured to fight recklessly!
You are too injured to fight recklessly!
You are too injured to fight recklessly!
You are too injured to fight recklessly!
You are too injured to fight recklessly!
You are too injured to fight recklessly!
You are too injured to fight recklessly!
You are too injured to fight recklessly!
You are too injured to fight recklessly!
You are too injured to fight recklessly!
You are too injured to fight recklessly!
You are too injured to fight recklessly!
You are too injured to fight recklessly!
You are too injured to fight recklessly!
You are too injured to fight recklessly!
You are too injured to fight recklessly!
You are too injured to fight recklessly!
You are too injured to fight recklessly!
You are too injured to fight recklessly!
Unknown command.
Sorry, you're not good enough to have a special ability.
You hit Ijyb but do no damage.
Ijyb looks even sicker.
Ijyb is lightly wounded.
You block Ijyb's attack.
You hit Ijyb.
Ijyb looks as sick as possible!
You headbutt Ijyb.
Ijyb is heavily wounded.
Ijyb zaps a wand.
The bolt of acid hits you!
You die...

############
...........#
...........#
...........#
......g....#
.(.....@...#############
..................).....
...........#########...#
..............>.(......#
#######.#.####..........
#.#.#...#.#.#.####
#.#.#.#.#.#.#.#
#.#.#....<#.#..
#.#.###...#.##.##


You could see Ijyb (extremely poisoned).

Vanquished Creatures
  5 adders
  3 worms (D:2)
  A dart slug (D:2)
  2 orcs (D:3)
  3 ball pythons
  3 endoplasms
  4 giant cockroaches
  5 goblins
  5 hobgoblins
  4 jackals (D:2)
  3 quokkas
  3 bats
  A frilled lizard (D:2)
  2 kobolds
  3 rats
47 creatures vanquished.

Notes
Turn   | Place    | Note
-------+----------+-------------------------------------------
     0 | D:1      | sammy202020 the Minotaur Fighter began the quest for the
                  | Orb.
     0 | D:1      | Reached XP level 1. HP: 19/19 MP: 0/0
   129 | D:1      | Reached XP level 2. HP: 27/27 MP: 1/1
   400 | D:1      | Found a faded altar of an unknown god.
   738 | D:2      | Reached XP level 3. HP: 33/33 MP: 2/2
   751 | D:2      | Reached skill level 1 in Dodging
  1038 | D:2      | Reached XP level 4. HP: 41/41 MP: 3/3
  1498 | D:3      | Noticed Ijyb
  1507 | D:3      | Killed from afar by Ijyb

Illustrated notes

Levels and vault maps discovered:
D:1:      amcnicky_arrival_feature_with_door, layout_loops_ring,
          ebering_ecumenical_altar_webs, serial_forest,
          infiniplex_forest_lined_ring, infiniplex_forest_lined_ring,
          infiniplex_forest_lined_3, infiniplex_forest_corner_1,
          infiniplex_forest_straight_4
D:2:      layout_rooms
D:3:      layout_basic, st_stairs_5, uniq_ijyb

Skill      XL: |  1  2  3 |
---------------+----------+-----
Fighting       | 4 |  4.6
Axes           | 3 |  3.6
Dodging        | 1 |  1.6
Shields        | 4 |  4.1
Armour         | 4 |  4.1

Action                   |  1- 3 |  4- 6 || total
-------------------------+-------+-------++-------
Melee: War axe           |    68 |    25 ||    93
       Headbutt          |    14 |     8 ||    22
       Hand axe          |       |    11 ||    11
  Use: Scroll            |     1 |       ||     1
       Potion            |     1 |       ||     1
Armor: Scale mail        |    17 |       ||    17
       Chain mail        |    34 |    19 ||    53
Dodge: Dodged            |    35 |    14 ||    49
Block: Buckler           |    25 |     7 ||    32

Table legend: (Time is in decaauts)
 A = Elapsed time spent in this place.
 B = Non-inter-level travel time spent in this place.
 C = Inter-level travel time spent in this place.
 D = Time resting spent in this place.
 E = Time spent auto-exploring this place.
 F = Levels seen in this place.
 G = Mean time per level.
                   A        B        C        D        E       F      G
               +--------+--------+--------+--------+--------+-----+--------+
         Total |   1543 |   1479 |     64 |    122 |   1044 |   3 |  514.3 |
       Dungeon |   1543 |   1479 |     64 |    122 |   1044 |   3 |  514.3 |
               +--------+--------+--------+--------+--------+-----+--------+

Top non-repeatable levels by time:
     D:1: 746 daAuts
     D:2: 636 daAuts
     D:3: 160 daAuts
